 Dungeon Crawl Stone Soup version 0.22-b1-26-g9dbaab1 (webtiles) character file.

120 Lilu the Conjurer (level 4, -2/24 HPs)
             Began as a Deep Elf Conjurer on Aug 6, 2018.
             Killed by divine providence
             ... invoked by an orc priest
              (13 damage)
             ... on level 3 of the Dungeon.
             The game lasted 00:06:32 (2767 turns).

Lilu the Conjurer (Deep Elf Conjurer)               Turns: 2767, Time: 00:06:33

Health: -2/24      AC:  3    Str:  6    XL:     4   Next: 75%
Magic:  6/10       EV: 13    Int: 20    God:
Gold:   63         SH:  0    Dex: 15    Spells: 2/9 levels left

rFire    . . .     SeeInvis .   n - +0 great mace
rCold    . . .     Gourm    .   (shield currently unavailable)
rNeg     . . .     Faith    .   a - +0 robe
rPois    .         Spirit   .   l - +0 helmet
rElec    .         Reflect  .   (no cloak)
rCorr    .         Harm     .   (no gloves)
MR       .....                  (no boots)
Stlth    ++........             (no amulet)
HPRegen  0.08/turn              (no ring)
MPRegen  0.12/turn              (no ring)

@: very slightly contaminated
A: no striking features
a: no special abilities


You were on level 3 of the Dungeon.
You were not hungry.

You visited 1 branch of the dungeon, and saw 3 of its levels.

You collected 63 gold pieces.

Inventory:

Hand Weapons
 h - a +0 whip
 n - a +0 great mace (weapon)
Armour
 a - a +0 robe (worn)
 e - a +0 buckler
 l - a +0 helmet (worn)
Scrolls
 b - a scroll of enchant weapon {unknown}
 d - 5 scrolls of identify {unknown}
 g - a scroll of amnesia {unknown}
 i - 3 scrolls of noise {unknown}
 k - a scroll of enchant armour {unknown}
Potions
 f - a potion of curing {unknown}
 m - a potion of haste {unknown}
Comestibles
 c - 9 rations


   Skills:
 - Level 2.4 Dodging
 - Level 2.4 Stealth
 - Level 3.0 Spellcasting
 + Level 6.8 Conjurations


You had 2 spell levels left.
You knew the following spells:

 Your Spells              Type           Power        Failure   Level  Hunger
a - Magic Dart            Conj           ####         1%          1    None
b - Searing Ray           Conj           ####..       1%          2    ##.....
c - Iskenderun's Mystic   Conj           ####....     9%          4    ####...

Your spell library contained the following spells:

 Spells                   Type           Power        Failure   Level  Hunger
 Fulminant Prism          Conj/Hex       ###.......   34%         4    ####...
 Dazzling Spray           Conj/Hex       ###...       11%         3    ###....
 Force Lance              Conj/Tloc      ###.....     34%         4    ####...


Dungeon Overview and Level Annotations

Branches:
Dungeon (3/15)

Altars:
Makhleb
Xom


Message History

The orc disappears!
The orc wizard hits you but does no damage.
You barely miss the orc wizard. The orc wizard barely misses you.
The orc barely misses you. The orc wizard closely misses you.
The orc closely misses you.
Casting: Searing Ray (safe; 1% risk of failure)
Confirm with . or Enter, or press ? or * to list all spells.
Aiming: Searing Ray (safe; 1% risk of failure)
Press: ? - help, Shift-Dir - straight line, f - orc wizard
Aim: an orc wizard, wielding a dagger and wearing a robe The searing ray hits the orc wizard.
The orc wizard is heavily wounded. (Press . to maintain the ray.)
The orc wizard closely misses you. The orc barely misses you.
The searing ray hits the orc wizard.
The orc wizard is almost dead.
The orc priest invokes the aid of Beogh against you.
Beogh smites you!
Ouch! That really hurt!
You die...

#.# #.#
#.# #.#
#.# #.#
#o#
####@#
#..oo#
#....#
#.o.##
##.##
...oo...#
#######.#
#.# #.#


You could see an orc priest, an orc wizard and 2 orcs.

Vanquished Creatures
  Robin (D:2)
  3 gnolls (D:2)
  An adder (D:2)
  A worm (D:2)
  3 dart slugs
  2 leopard geckos
  2 giant cockroaches (D:1)
  13 goblins (D:2)
  10 hobgoblins
  A quokka (D:2)
  3 bats
  7 frilled lizards
  7 kobolds
  7 rats
61 creatures vanquished.

Notes
Turn   | Place    | Note
-------+----------+-------------------------------------------
     0 | D:1      | Lilu the Deep Elf Conjurer began the quest for the Orb.
     0 | D:1      | Reached XP level 1. HP: 10/10 MP: 6/6
   224 | D:1      | Reached XP level 2. HP: 15/15 MP: 1/8
   286 | D:1      | Learned a level 2 spell: Searing Ray
   369 | D:1      | Reached skill level 5 in Conjurations
   805 | D:1      | Reached XP level 3. HP: 15/19 MP: 1/9
  1699 | D:2      | Reached skill level 6 in Conjurations
  1734 | D:2      | Reached XP level 4. HP: 24/24 MP: 5/10
  1984 | D:2      | Learned a level 4 spell: Iskenderun's Mystic Blast
  2006 | D:2      | Found a faded altar of an unknown god.
  2118 | D:2      | Noticed Robin
  2143 | D:2      | Killed Robin
  2621 | D:2      | Found a burning altar of Makhleb.
  2627 | D:2      | Found a shimmering altar of Xom.
  2767 | D:3      | Killed from afar by an orc priest

Skill      XL: |  1  2  3 |
---------------+----------+-----
Conjurations   | 5 6 |  6.8
Dodging        | |  2.4
Stealth        | |  2.4
Spellcasting   | |  3.0

Action                   |  1- 3 |  4- 6 || total
-------------------------+-------+-------++-------
Melee: Great mace        |       |     5 ||     5
       Whip              |       |     4 ||     4
 Cast: Magic Dart        |    76 |    19 ||    95
       Searing Ray       |     2 |     6 ||     8
  Eat: Chunk             |     2 |     4 ||     6
Armor: Robe              |     1 |     1 ||     2
Dodge: Dodged            |     4 |    16 ||    20
